DSL
DSL KANSAS CITY ROYALS @ DSL ARIZONA DIAMONDBACKS
07/24/2041
 
TOP OF THE 1ST
DSL Kansas City Royals batting - Pitching for DSL Arizona Diamondbacks : LHP Gene Pearson
Pitching: LHP Gene Pearson
Batting: RHB Jesús Reyes 0-0: Called Strike
0-1: Bunted foul
0-2: Ball
1-2: Foul Ball, location: 7LSF
1-2: Foul Ball, location: 23F
1-2: Strikes out swinging
Batting: RHB Dave Stone 0-0: Ball
1-0: Foul Ball, location: 2F
1-1: Called Strike
1-2: Strikes out swinging
Batting: LHB António Martínez 0-0: Called Strike
0-1: Ball
1-1: Ball
2-1: Foul Ball, location: 5F
2-2: Strikes out looking
Top of the 1st over - 0 runs, 0 hits, 0 errors, 0 left on base; DSL Kansas City 0 - DSL Arizona 0
BOTTOM OF THE 1ST
DSL Arizona Diamondbacks batting - Pitching for DSL Kansas City Royals : RHP Joe Cust
Pitching: RHP Joe Cust
Batting: RHB Tim Gordon 0-0: Foul Ball, location: 7LMF
0-1: Ground out 3-1 (Groundball, 34S, EV 88.1 MPH)
Batting: RHB Sean Mitchell 0-0: Ball
1-0: Foul Ball, location: 9LSF
1-1: DOUBLE (Flyball, 8RXD, EV 103.1 MPH)
Batting: RHB Xavier Gómez 0-0: Ball
Sean Mitchell steals 3rd base
1-0: Ball
2-0: Called Strike
2-1: TRIPLE (Flyball, 8RXD, EV 93.1 MPH)
Sean Mitchell scores
Batting: RHB Jorge Franco 0-0: Called Strike
0-1: Ball
1-1: Ball
Wild Pitch!
Xavier Gómez scores
2-1: Foul Ball, location: 3FF
2-2: Foul Ball, location: 23F
2-2: Foul Ball, location: 23FF
2-2: Strikes out swinging
Batting: RHB Qabil Makaev 0-0: Ball
1-0: Ball
2-0: Called Strike
2-1: Called Strike
2-2: Foul Ball, location: 5F
2-2: Ball
3-2: SINGLE (Line Drive, 3D, EV 98.8 MPH)
Batting: RHB Teobaldo Giraldes 0-0: Ball
Qabil Makaev steals 2nd base
1-0: Ball
2-0: Foul Ball, location: 5DF
2-1: Foul Ball, location: 3FF
2-2: Ball
3-2: Base on Balls
Batting: RHB Jesús Correa 0-0: Ball
Wild Pitch!
Qabil Makaev to third
Teobaldo Giraldes to second
1-0: Swinging Strike
1-1: Ball
2-1: Foul Ball, location: 3SF
2-2: Ball
3-2: Foul Ball, location: 2F
3-2: 3-RUN HOME RUN (Flyball, 7LD, EV 100.0 MPH), Distance : 359 ft
Batting: RHB Aurelio Escobaies 0-0: Ball
1-0: Ball
2-0: Ground out 4-3 (Groundball, 4S, EV 84.4 MPH)
Bottom of the 1st over - 5 runs, 4 hits, 0 errors, 0 left on base; DSL Kansas City 0 - DSL Arizona 5
TOP OF THE 2ND
DSL Kansas City Royals batting - Pitching for DSL Arizona Diamondbacks : LHP Gene Pearson
Batting: RHB António Romano 0-0: Foul Ball, location: 2F
0-1: Ball
1-1: Ball
2-1: Swinging Strike
2-2: Ball
3-2: Strikes out swinging
Batting: LHB Jeremy Greene 0-0: Called Strike
0-1: Ball
1-1: Ball
2-1: Ball
3-1: Base on Balls
Pitching: RHP Jeff Howse
Batting: RHB Joe Graham 0-0: Ball
1-0: Foul Ball, location: 2RF
1-1: Ball
2-1: Fly out, F7 (Line Drive, 78M, EV 94.4 MPH)
Batting: RHB Rod Dixon 0-0: Called Strike
0-1: Called Strike
Jeremy Greene is caught stealing 2nd base 2-4
Top of the 2nd over - 0 runs, 0 hits, 0 errors, 0 left on base; DSL Kansas City 0 - DSL Arizona 5
BOTTOM OF THE 2ND
DSL Arizona Diamondbacks batting - Pitching for DSL Kansas City Royals : RHP Joe Cust
Batting: LHB David Warmisch 0-0: Fly out, F6 (Popup, 6MS, EV 66.9 MPH)
Batting: RHB Tim Gordon 0-0: Swinging Strike
0-1: Swinging Strike
0-2: Ground out 4-3 (Groundball, 34, EV 108.8 MPH)
Batting: RHB Sean Mitchell 0-0: Ball
1-0: Ground out 6-3 (Groundball, 6, EV 101.3 MPH)
Bottom of the 2nd over - 0 runs, 0 hits, 0 errors, 0 left on base; DSL Kansas City 0 - DSL Arizona 5
TOP OF THE 3RD
DSL Kansas City Royals batting - Pitching for DSL Arizona Diamondbacks : RHP Jeff Howse
Batting: RHB Rod Dixon 0-0: Called Strike
0-1: Ground out U3 (Groundball, 23, EV 84.4 MPH)
Batting: RHB Tim Sheehan 0-0: Ball
1-0: SINGLE (Line Drive, 4D, EV 108.1 MPH)
Batting: RHB Horace Daniel 0-0: Ball
1-0: Called Strike
1-1: Called Strike
1-2: Strikes out swinging
Batting: RHB Jesús Reyes 0-0: Called Strike
0-1: Ball
1-1: Ball
2-1: Ball
3-1: Base on Balls
Tim Sheehan to second
Batting: RHB Dave Stone 0-0: Fly out, F6 (Popup, 56D, EV 70.0 MPH)
Top of the 3rd over - 0 runs, 1 hit, 0 errors, 2 left on base; DSL Kansas City 0 - DSL Arizona 5
BOTTOM OF THE 3RD
DSL Arizona Diamondbacks batting - Pitching for DSL Kansas City Royals : RHP Joe Cust
Batting: RHB Xavier Gómez 0-0: Swinging Strike
0-1: Ball
1-1: Foul Ball, location: 9LSF
1-2: Ball
2-2: Strikes out swinging
Batting: RHB Jorge Franco 0-0: Foul Ball, location: 2F
0-1: Called Strike
0-2: Strikes out swinging
Batting: RHB Qabil Makaev 0-0: Called Strike
0-1: Ball
1-1: TRIPLE (Line Drive, 9LD, EV 96.9 MPH)
Pitching: RHP José Ortega
Batting: RHB Teobaldo Giraldes 0-0: Ball
1-0: Foul Ball, location: 23F
1-1: Ball
2-1: 2-RUN HOME RUN (Flyball, 9LD, EV 95.0 MPH), Distance : 346 ft
Batting: RHB Jesús Correa 0-0: Called Strike
0-1: Swinging Strike
0-2: Ball
1-2: Ball
2-2: Strikes out swinging
Bottom of the 3rd over - 2 runs, 2 hits, 0 errors, 0 left on base; DSL Kansas City 0 - DSL Arizona 7
TOP OF THE 4TH
DSL Kansas City Royals batting - Pitching for DSL Arizona Diamondbacks : RHP Jeff Howse
Batting: LHB António Martínez 0-0: Foul Ball, location: 7LSF
0-1: Ball
1-1: Ground out 4-3 (Groundball, 4D, EV 81.3 MPH)
Batting: RHB António Romano 0-0: Ball
1-0: Ball
2-0: Ball
3-0: Called Strike
3-1: Base on Balls
Batting: LHB Jeremy Greene 0-0: Swinging Strike
0-1: Foul Ball, location: 7LSF
0-2: Ball
1-2: Strikes out swinging
Batting: RHB Joe Graham 0-0: Ball
1-0: Foul Ball, location: 5F
1-1: Foul Ball, location: 3FF
1-2: Ball
2-2: Ball
3-2: Base on Balls
António Romano to second
Batting: RHB Rod Dixon 0-0: Swinging Strike
0-1: Ball
1-1: Ball
2-1: Ball
3-1: Reached on error, E5 (Groundball, 56S, EV 80.0 MPH)
António Romano to third
Joe Graham to second
Batting: RHB Tim Sheehan 0-0: Swinging Strike
0-1: Ball
1-1: Ground out 5-3 (Groundball, 56S, EV 71.9 MPH)
Top of the 4th over - 0 runs, 0 hits, 1 error, 3 left on base; DSL Kansas City 0 - DSL Arizona 7
BOTTOM OF THE 4TH
DSL Arizona Diamondbacks batting - Pitching for DSL Kansas City Royals : RHP José Ortega
Batting: RHB Aurelio Escobaies 0-0: Swinging Strike
0-1: Reached on error, E4 (Groundball, 34, EV 105.0 MPH)
Batting: LHB David Warmisch 0-0: Ball
1-0: Grounds into double play, 3-6-3 (Groundball, 3, EV 83.1 MPH)
Batting: RHB Tim Gordon 0-0: Ball
1-0: Foul Ball, location: 9LMF
1-1: Swinging Strike
1-2: Ball
2-2: Foul Ball, location: 2F
2-2: Ball
3-2: TRIPLE (Flyball, 78XD, EV 103.8 MPH)
Batting: RHB Sean Mitchell 0-0: Ball
1-0: Ball
2-0: Ball
3-0: Base on Balls
Batting: RHB Xavier Gómez 0-0: Ball
1-0: Ball
2-0: Fielders Choice at 2nd, 5-4 (Groundball, 56, EV 85.0 MPH)
Bottom of the 4th over - 0 runs, 1 hit, 1 error, 2 left on base; DSL Kansas City 0 - DSL Arizona 7
TOP OF THE 5TH
DSL Kansas City Royals batting - Pitching for DSL Arizona Diamondbacks : RHP Jeff Howse
Batting: RHB Horace Daniel 0-0: Ball
1-0: Ball
2-0: Foul Ball, location: 2F
2-1: Ball
3-1: Base on Balls
Batting: RHB Jesús Reyes 0-0: Hit by Pitch
Horace Daniel to second
Batting: RHB Dave Stone 0-0: Ball
1-0: Ball
2-0: Foul Ball, location: 2F
2-1: Fly out, F8 (Flyball, 8RD, EV 81.9 MPH)
Batting: LHB António Martínez 0-0: Foul Ball, location: 2F
0-1: Called Strike
0-2: SINGLE (Line Drive, 56D, EV 106.3 MPH)
Horace Daniel to third
Jesús Reyes to second
Runner from 3rd tries for Home, throw by LF and OUT! 7-2
Jesús Reyes to third
António Martínez to second
Batting: RHB António Romano 0-0: Ball
1-0: Called Strike
1-1: Swinging Strike
1-2: Ball
2-2: Strikes out swinging
Top of the 5th over - 0 runs, 1 hit, 0 errors, 2 left on base; DSL Kansas City 0 - DSL Arizona 7
BOTTOM OF THE 5TH
DSL Arizona Diamondbacks batting - Pitching for DSL Kansas City Royals : RHP José Ortega
Batting: RHB Jorge Franco 0-0: Foul Ball, location: 2F
0-1: Ball
1-1: Foul Ball, location: 3F
1-2: Strikes out looking
Batting: RHB Qabil Makaev 0-0: Ball
1-0: Called Strike
1-1: Foul Ball, location: 2F
1-2: SINGLE (Groundball, 34D, EV 103.1 MPH)
Batting: RHB Teobaldo Giraldes 0-0: Foul Ball, location: 5FF
0-1: Called Strike
0-2: Fly out, F8 (Flyball, 8RXD, EV 107.5 MPH)
Batting: RHB Jesús Correa 0-0: Ball
Qabil Makaev steals 2nd base
1-0: Ball
2-0: Called Strike
2-1: Ball
3-1: Foul Ball, location: 3DF
3-2: Base on Balls
Batting: RHB Aurelio Escobaies 0-0: Ball
1-0: Ball
2-0: SINGLE (Groundball, 56D, EV 106.3 MPH)
Qabil Makaev to third
Jesús Correa to second
Runner from 3rd tries for Home, throw by LF and OUT! 7-2
Bottom of the 5th over - 0 runs, 2 hits, 0 errors, 2 left on base; DSL Kansas City 0 - DSL Arizona 7
TOP OF THE 6TH
DSL Kansas City Royals batting - Pitching for DSL Arizona Diamondbacks : RHP Jeff Howse
Batting: LHB Jeremy Greene 0-0: Called Strike
0-1: Swinging Strike
0-2: Foul Ball, location: 3FF
0-2: Foul Ball, location: 2LF
0-2: Foul Ball, location: 5F
0-2: Ball
1-2: Strikes out swinging
Batting: RHB Joe Graham 0-0: Ground out 6-3 (Groundball, 56, EV 90.0 MPH)
Batting: RHB Rod Dixon 0-0: Ball
1-0: Foul Ball, location: 23FF
1-1: Ball
2-1: Fly out, F9 (Flyball, 89M, EV 76.9 MPH)
Top of the 6th over - 0 runs, 0 hits, 0 errors, 0 left on base; DSL Kansas City 0 - DSL Arizona 7
BOTTOM OF THE 6TH
DSL Arizona Diamondbacks batting - Pitching for DSL Kansas City Royals : RHP José Ortega
Batting: LHB David Warmisch 0-0: Ball
1-0: Ball
2-0: Swinging Strike
2-1: Foul Ball, location: 2F
2-2: Strikes out swinging
Batting: RHB Tim Gordon 0-0: Ball
1-0: Called Strike
1-1: Ball
2-1: SINGLE (Flyball, 78S, EV 90.6 MPH)
Batting: RHB Sean Mitchell 0-0: Ball
Tim Gordon steals 2nd base
1-0: Ball
2-0: Ball
3-0: Called Strike
3-1: Base on Balls
Batting: RHB Xavier Gómez 0-0: Called Strike
0-1: Ball
1-1: Ball
2-1: Ball
3-1: Foul Ball, location: 5F
3-2: Foul Ball, location: 23F
3-2: Base on Balls
Tim Gordon to third
Sean Mitchell to second
Pitching: LHP Andrea Savelli
Batting: RHB Jorge Franco 0-0: Ball
1-0: Foul Ball, location: 3DF
1-1: Ball
2-1: Ball
3-1: Base on Balls
Tim Gordon scores
Sean Mitchell to third
Xavier Gómez to second
Batting: RHB Qabil Makaev 0-0: Called Strike
0-1: Swinging Strike
0-2: Ball
1-2: Ball
2-2: Ball
3-2: Base on Balls
Sean Mitchell scores
Xavier Gómez to third
Jorge Franco to second
Batting: RHB Teobaldo Giraldes 0-0: Foul Ball, location: 3FF
0-1: Ball
1-1: GRAND SLAM HOME RUN (Flyball, 78XD, EV 105.0 MPH), Distance : 436 ft
Batting: RHB Jesús Correa 0-0: Foul Ball, location: 2F
0-1: Called Strike
0-2: Strikes out swinging
Batting: RHB Aurelio Escobaies 0-0: Foul Ball, location: 9LSF
0-1: Ball
1-1: Foul Ball, location: 2F
1-2: Ground out 4-3 (Groundball, 4, EV 88.8 MPH)
Bottom of the 6th over - 6 runs, 2 hits, 0 errors, 0 left on base; DSL Kansas City 0 - DSL Arizona 13
TOP OF THE 7TH
DSL Kansas City Royals batting - Pitching for DSL Arizona Diamondbacks : RHP Jeff Howse
Batting: RHB Tim Sheehan 0-0: Swinging Strike
0-1: Ball
1-1: Ball
2-1: Called Strike
2-2: Ball
3-2: Strikes out swinging
Pinch Hitting: LHB António Abrams 0-0: SINGLE (Groundball, 34D, EV 100.6 MPH)
Pinch Hitting: LHB Sonny Johnson 0-0: Called Strike
0-1: Ball
1-1: Foul Ball, location: 2F
1-2: Ball
2-2: Foul Ball, location: 3F
2-2: Ball
3-2: Strikes out swinging
Batting: RHB Dave Stone 0-0: Ball
1-0: Fly out, F8 (Flyball, 8LD, EV 101.3 MPH)
Top of the 7th over - 0 runs, 1 hit, 0 errors, 1 left on base; DSL Kansas City 0 - DSL Arizona 13
BOTTOM OF THE 7TH
DSL Arizona Diamondbacks batting - Pitching for DSL Kansas City Royals : LHP Andrea Savelli
Now at 3B: António Abrams
Now in LF: Sonny Johnson
Batting: RHB José Hernández 0-0: Ball
1-0: Called Strike
1-1: Ball
2-1: Ball
3-1: Base on Balls
Pinch Hitting: RHB Jesús Maldonado 0-0: Ball
1-0: Ball
2-0: Ball
3-0: Base on Balls
José Hernández to second
Pinch Hitting: SHB Josh Hoover 0-0: Ball
1-0: Ball
2-0: Swinging Strike
2-1: Ball
3-1: Swinging Strike
3-2: Foul Ball, location: 25F
3-2: Base on Balls
José Hernández to third
Jesús Maldonado to second
Batting: RHB Xavier Gómez 0-0: Ball
1-0: Swinging Strike
1-1: Ball
2-1: Foul Ball, location: 2F
2-2: Ball
3-2: Base on Balls
José Hernández scores
Jesús Maldonado to third
Josh Hoover to second
Pitching: RHP Bob Little
Batting: RHB Jorge Franco 0-0: Ball
1-0: Ball
2-0: Ball
3-0: Base on Balls
Jesús Maldonado scores
Josh Hoover to third
Xavier Gómez to second
Pinch Hitting: RHB Mauro Hernández 0-0: Called Strike
0-1: Ball
1-1: Ball
2-1: Ball
3-1: Base on Balls
Josh Hoover scores
Xavier Gómez to third
Jorge Franco to second
Pinch Hitting: RHB Mario Martínez 0-0: Ball
1-0: Ball
2-0: Ball
3-0: Base on Balls
Xavier Gómez scores
Jorge Franco to third
Mauro Hernández to second
Pinch Hitting: RHB Juan Salinas 0-0: Ball
1-0: SINGLE (Line Drive, 78M, EV 105.0 MPH)
Jorge Franco scores
Mauro Hernández to third
Mario Martínez to second
Batting: RHB Aurelio Escobaies 0-0: Foul Ball, location: 23FF
0-1: Ball
1-1: Ball
2-1: Foul Ball, location: 5FF
2-2: SINGLE (Flyball, 56D, EV 96.9 MPH)
Mauro Hernández scores
Mario Martínez to third
Juan Salinas to second
Batting: RHB José Hernández 0-0: Ball
1-0: Ball
2-0: Foul Ball, location: 3F
2-1: SINGLE (Flyball, 4D, EV 96.9 MPH)
Mario Martínez scores
Juan Salinas to third
Aurelio Escobaies to second
Batting: RHB Jesús Maldonado 0-0: Ball
1-0: Ball
2-0: Ball
3-0: Base on Balls
Juan Salinas scores
Aurelio Escobaies to third
José Hernández to second
Pitching: LHP Steve Kusnierewicz
Batting: SHB Josh Hoover 0-0: Swinging Strike
0-1: Called Strike
0-2: Ball
1-2: Ball
2-2: Strikes out swinging
Batting: RHB Xavier Gómez 0-0: Foul Ball, location: 2RF
0-1: Swinging Strike
0-2: Ball
1-2: Ball
2-2: Ball
3-2: DOUBLE (Line Drive, 89XD, EV 110.0 MPH)
Aurelio Escobaies scores
José Hernández scores
Jesús Maldonado to third
Runner from 3rd tries for Home, SAFE, throw by CF to trailing runner, SAFE at third!
Batting: RHB Jorge Franco 0-0: Ball
1-0: Ball
2-0: Ball
3-0: Called Strike
3-1: 2-RUN HOME RUN (Flyball, 89XD, EV 111.9 MPH), Distance : 439 ft
Batting: RHB Mauro Hernández 0-0: Ball
1-0: Fly out, F7 (Line Drive, 78M, EV 93.8 MPH)
Batting: RHB Mario Martínez 0-0: TRIPLE (Line Drive, 9D, EV 103.1 MPH)
Batting: RHB Juan Salinas 0-0: Called Strike
0-1: Swinging Strike
0-2: Ball
1-2: Ball
2-2: Ball
3-2: Foul Ball, location: 3F
3-2: Strikes out looking
Bottom of the 7th over - 13 runs, 6 hits, 0 errors, 1 left on base; DSL Kansas City 0 - DSL Arizona 26
TOP OF THE 8TH
DSL Kansas City Royals batting - Pitching for DSL Arizona Diamondbacks : RHP Jeff Howse
Now at 2B: Mario Martínez
Now at 3B: Juan Salinas
Now at SS: Mauro Hernández
Now in LF: Jesús Maldonado
Now in CF: Josh Hoover
Pinch Hitting: LHB José Flores 0-0: Swinging Strike
0-1: Swinging Strike
0-2: Ground out U3 (Groundball, 3L, EV 85.0 MPH)
Batting: RHB António Romano 0-0: Foul Ball, location: 9LDF
0-1: DOUBLE (Groundball, 5L, EV 103.8 MPH)
DELAY Rain delay of 55 minutes in the 8th inning.
Pitching: RHP Greg Lee
Pinch Hitting: RHB Bob Sackett 0-0: Foul Ball, location: 3SF
0-1: Ball
1-1: Ground out 6-3 (Groundball, P, EV 86.9 MPH)
António Romano to third
Pinch Hitting: LHB Willie Bacon 0-0: Ball
1-0: Called Strike
1-1: DOUBLE (Groundball, 3L, EV 100.0 MPH)
António Romano scores
Pinch Hitting: RHB David Aguirre 0-0: Called Strike
0-1: Foul Ball, location: 5FF
0-2: Strikes out swinging
Top of the 8th over - 1 run, 2 hits, 0 errors, 1 left on base; DSL Kansas City 1 - DSL Arizona 26
BOTTOM OF THE 8TH
DSL Arizona Diamondbacks batting - Pitching for DSL Kansas City Royals : LHP Steve Kusnierewicz
Now at 1B: Willie Bacon
Now at SS: Jesús Salcido
Now in CF: David Aguirre
Now in RF: José Flores
Batting: RHB Aurelio Escobaies 0-0: Called Strike
0-1: Ball
1-1: Foul Ball, location: 2F
1-2: Foul Ball, location: 2F
1-2: Strikes out swinging
Batting: RHB José Hernández 0-0: Called Strike
0-1: Ball
1-1: Foul Ball, location: 3F
1-2: Ball
2-2: Foul Ball, location: 5F
2-2: Fly out, F9 (Line Drive, 9, EV 105.6 MPH)
Pinch Hitting: RHB Jorge López 0-0: Foul Ball, location: 23FF
0-1: Foul Ball, location: 2F
0-2: Ball
1-2: Foul Ball, location: 23F
1-2: Ball
2-2: Ball
3-2: Base on Balls
Pinch Hitting: RHB Chris Hull 0-0: Swinging Strike
0-1: Ball
1-1: Foul Ball, location: 2F
1-2: Strikes out swinging, 2-3 out at first.
Bottom of the 8th over - 0 runs, 0 hits, 0 errors, 1 left on base; DSL Kansas City 1 - DSL Arizona 26
TOP OF THE 9TH
DSL Kansas City Royals batting - Pitching for DSL Arizona Diamondbacks : RHP Greg Lee
Now in LF: Jorge López
Now in CF: Chris Hull
Pinch Hitting: LHB Jimmy Prince 0-0: Called Strike
0-1: Swinging Strike
0-2: Foul Ball, location: 23F
0-2: Strikes out looking
Pinch Hitting: RHB David Reyes 0-0: Ball
1-0: Fly out, F7 (Line Drive, 7, EV 93.8 MPH)
Pinch Hitting: SHB Bob Rhodes 0-0: Foul Ball, location: 3SF
0-1: Foul Ball, location: 9LMF
0-2: Strikes out swinging
Top of the 9th over - 0 runs, 0 hits, 0 errors, 0 left on base; DSL Kansas City 1 - DSL Arizona 26
Wednesday, April 3rd , 2024 - OOTP Baseball 24.10 Build 82